Map: 나이트쉐이드 - 래더

Players

Rogue - Winner!

  • Race: Zerg Zerg
  • Spawn Location: 11:00

ShoWTimE

  • Race: Protoss Protoss
  • Spawn Location: 5:00

Event: IEM Katowice 2020

VOD

Have the link to the VOD?

Description

Time

  • Played on: Feb. 27, 2020, 11:20 a.m.
  • Length: 14:03

All games in this series

Show
View Real Time Build Order
Export as new Build Order

Rogue Zerg - Winner!

Build Orders: Hatch First 

Get SALT Encoding   

  12  0:00  Drone  
  13  0:12  Overlord  
  13  0:17  Drone  
  14  0:30  Drone x2  
  16  0:47  Hatchery  
  15  0:50  Drone  
  15  0:54  Drone  
  17  0:57  Drone  
  18  1:08  Extractor  
  17  1:13  Spawning Pool  
  17  1:15  Drone  
  17  1:18  Drone  
  18  1:27  Drone  
  19  1:38  Drone  
  20  1:48  Overlord  
  20  2:00  Queen x2  
  24  2:01  Zergling x4  
  24  2:07  Metabolic Boost  
  26  2:11  Drone x2  
  28  2:22  Drone x2  
  30  2:32  Drone  
  30  2:33  Drone  
  32  2:38  Hatchery  
  32  2:42  Drone  
  32  2:46  Queen  
  34  2:51  Overlord  
  34  2:54  Zergling x2  
  34  2:56  Zergling x2  
  36  3:11  Drone  
  36  3:12  Drone x4  
  41  3:17  Drone  
  41  3:25  Drone  
  40  3:33  Spore Crawler  
  38  3:34  Drone x2  
  38  3:35  Queen  
  38  3:39  Overlord  
  42  3:43  Drone  
  42  3:44  Overlord  
  43  3:49  Overlord  
  43  3:52  Queen  
  43  3:54  Drone  
  43  3:55  Drone  
  47  3:56  Drone  
  47  4:00  Drone x2  
  47  4:01  Drone  
  50  4:04  Drone x2  
  50  4:06  Drone  
  50  4:09  Drone  
  53  4:11  Drone  
  53  4:14  Spore Crawler  
  53  4:17  Drone x2  
  53  4:19  Drone x2  
  53  4:23  Zergling x6  
  60  4:28  Spore Crawler  
  60  4:31  Queen  
  59  4:34  Zergling x2  
  59  4:35  Zergling x4  
  60  4:47  Drone  
  60  4:48  Drone x3  
  60  4:49  Overlord  
  60  4:51  Extractor x2  
  60  4:52  Overlord  
  62  4:55  Roach Warren  
  62  4:57  Drone x3  
  64  5:03  Zergling x8  
  67  5:07  Zergling x4  
  67  5:11  Zergling x6  
  71  5:21  Overlord  
  61  5:37  Roach x9  
  61  5:42  Roach  
  81  5:46  Zergling x10  
  81  5:47  Zergling x2  
  81  5:48  Zergling x2  
  88  5:50  Zergling x2  
  88  5:56  Overlord  
  89  6:03  Zergling x4  
  91  6:05  Ravager x4  
  91  6:07  Overlord  
  91  6:08  Zergling x2  
  96  6:11  Ravager  
  96  6:14  Zergling x2  
  96  6:15  Zergling x10  
  102  6:18  Overlord  
  102  6:20  Zergling x2  
  102  6:23  Zergling x4  
  102  6:25  Zergling x2  
  104  6:31  Zergling x2  
  102  6:34  Zergling x2  
  102  6:35  Ravager x2  
  102  6:39  Zergling x6  
  104  6:48  Zergling x2  
  104  6:49  Zergling x2  
  104  6:50  Zergling x14  
  106  6:55  Zergling x2  
  106  6:59  Zergling x2  
  106  7:00  Zergling x2, Ravager x2  
  104  7:03  Lair  
  104  7:07  Zergling x2  
  101  7:13  Zergling x6  
  104  7:16  Evolution Chamber  
  104  7:20  Zergling x2  
  104  7:21  Zergling x10  
  102  7:30  Zergling x10  
  107  7:39  Zergling x4  
  106  7:46  Zergling x6  
  106  7:47  Zergling x6  
  106  7:51  Zergling x2  
  109  7:58  Zergling x10  
  104  8:05  Zergling x2  
  99  8:15  Zergling x2  
  99  8:16  Zergling x18  
  100  8:23  Zergling x4  
  100  8:26  Extractor  
  94  8:33  Spire  
  84  8:34  Drone x3  
  84  8:37  Drone  
  84  8:39  Drone x2  
  81  8:43  Extractor  
  81  8:45  Extractor  
  79  8:49  Drone x2  
  79  8:52  Drone  
  82  8:57  Drone  
  82  8:58  Drone x3  
  86  9:08  Drone x2  
  88  9:14  Overlord x3  
  88  9:15  Roach x2  
  92  9:22  Overlord  
  92  9:23  Drone x3  
  95  9:32  Overlord  
  94  9:46  Mutalisk x3  
  94  9:47  Mutalisk x3  
  94  9:52  Mutalisk x2  
  110  9:55  Mutalisk  
  112  10:03  Mutalisk x2  
  115  10:10  Mutalisk x2  
  119  10:17  Mutalisk x3  
  125  10:23  Mutalisk x3  
  131  10:35  Mutalisk x3  
  125  10:44  Mutalisk x2  
  125  10:45  Zergling x2  
  125  10:46  Zergling x8  
  117  10:50  Zergling x4  
  117  10:53  Mutalisk  
  111  10:59  Zergling x6  
  111  11:01  Zergling x2  
  115  11:07  Mutalisk  
  115  11:09  Mutalisk  
  96  11:18  Mutalisk  
  98  11:36  Drone x4  
  98  11:38  Hatchery  
  101  11:46  Mutalisk x2  
  101  11:52  Mutalisk  
  107  12:03  Mutalisk  
  104  12:13  Mutalisk  
  98  12:20  Zergling x8  
  94  12:25  Mutalisk  
  94  12:29  Zergling x2  
  92  12:43  Mutalisk  
  94  12:45  Drone x4  
  94  12:46  Drone  
  99  12:59  Mutalisk  
  99  13:01  Drone x2  
  99  13:02  Drone  
  104  13:13  Queen  
  104  13:16  Mutalisk x2  
  104  13:20  Drone  
  104  13:21  Drone  
  104  13:27  Mutalisk  
  104  13:34  Drone  
Show
View Real Time Build Order
Export as new Build Order

ShoWTimE Protoss 

Build Orders: 1 Gate Expand, Oracle Opening, Archon Immortal 

Get SALT Encoding   

  12  0:00  Probe  
  13  0:12  Probe  
  14  0:18  Pylon  
  14  0:24  Probe  
  15  0:36  Probe (Chrono Boost)  
  15  0:41  Gateway  
  16  0:46  Probe (Chrono Boost)  
  16  0:47  Assimilator  
  17  0:51  Probe (Chrono Boost)  
  18  1:03  Probe  
  19  1:15  Probe  
  20  1:23  Nexus  
  20  1:33  Cybernetics Core  
  20  1:35  Probe  
  21  1:42  Assimilator  
  21  1:47  Probe  
  21  1:52  Pylon  
  22  2:00  Probe  
  23  2:07  Adept (Chrono Boost)  
  23  2:12  Probe  
  26  2:21  Stargate  
  26  2:24  Probe  
  26  2:28  Adept (Chrono Boost)  
  27  2:33  Warp Gate  
  27  2:36  Probe (Chrono Boost)  
  31  2:41  Probe (Chrono Boost)  
  31  2:46  Probe (Chrono Boost)  
  31  2:49  Probe (Chrono Boost)  
  31  2:50  Adept  
  31  2:51  Probe (Chrono Boost)  
  36  3:00  Probe  
  36  3:02  Probe, Pylon  
  36  3:05  Oracle (Chrono Boost)  
  38  3:12  Probe  
  42  3:14  Probe  
  43  3:24  Probe  
  43  3:27  Probe  
  43  3:30  Adept  
  43  3:35  Gateway  
  43  3:36  Probe, Oracle (Chrono Boost)  
  43  3:39  Probe  
  48  3:44  Pylon  
  48  3:48  Probe  
  48  3:51  Probe  
  50  4:00  Probe  
  51  4:02  Nexus  
  51  4:03  Probe  
  52  4:13  Probe  
  52  4:14  Pylon, Oracle (Chrono Boost)  
  52  4:15  Probe  
  54  4:21  Assimilator  
  54  4:24  Adept, Assimilator  
  57  4:25  Probe  
  57  4:27  Probe  
  61  4:32  Adept  
  61  4:37  Probe  
  64  4:40  Probe  
  65  4:49  Probe, Robotics Facility  
  66  4:53  Adept x2  
  66  4:54  Pylon  
  66  4:56  Shield Battery  
  70  5:04  Gateway, Forge  
  70  5:06  Pylon  
  70  5:12  Probe x2  
  72  5:17  Sentry x2  
  72  5:18  Probe  
  77  5:24  Probe x2  
  79  5:30  Probe  
  79  5:35  Immortal (Chrono Boost)  
  72  5:36  Probe x2  
  72  5:37  Protoss Ground Weapons Level 1 (Chrono Boost)  
  72  5:42  Probe, Sentry  
  81  5:48  Sentry  
  85  5:54  Pylon  
  85  5:56  Gateway  
  78  6:04  Photon Cannon x2  
  78  6:05  Photon Cannon  
  78  6:06  Shield Battery  
  78  6:07  Oracle  
  81  6:11  Shield Battery  
  81  6:15  Sentry  
  81  6:17  Photon Cannon  
  83  6:19  Pylon, Shield Battery  
  83  6:21  Zealot  
  85  6:26  Adept, Immortal (Chrono Boost)  
  85  6:31  Shield Battery  
  85  6:32  Shield Battery  
  91  6:37  Shield Battery  
  91  6:38  Shield Battery  
  91  6:43  Stalker x2  
  95  6:51  Zealot  
  89  6:58  Immortal (Chrono Boost)  
  80  7:08  Stalker x2  
  80  7:12  Zealot  
  80  7:13  Zealot  
  86  7:29  Warp Prism (Chrono Boost)  
  82  7:31  Twilight Council  
  82  7:36  Cybernetics Core  
  84  7:37  Pylon  
  84  7:38  Zealot x4  
  92  7:53  Photon Cannon  
  92  8:00  Pylon, Zealot x3  
  92  8:04  Charge (Chrono Boost)  
  98  8:11  Gateway x2  
  88  8:23  Zealot  
  88  8:24  Zealot  
  82  8:30  Immortal (Chrono Boost)  
  82  8:31  Photon Cannon  
  73  8:46  Zealot x2  
  73  8:47  Pylon  
  77  8:52  Oracle  
  80  8:58  Pylon  
  80  9:04  Observer  
  80  9:05  Templar Archives  
  80  9:06  Zealot x2  
  85  9:10  Zealot  
  85  9:14  Pylon  
  86  9:40  Probe x2  
  86  9:42  Gateway  
  86  9:44  High Templar x3  
  86  9:45  Protoss Ground Weapons Level 2 (Chrono Boost), High Templar  
  96  9:48  Archon  
  96  9:49  Archon  
  96  9:54  Nexus  
  98  10:04  High Templar  
  98  10:13  Gateway  
  98  10:15  Gateway  
  98  10:18  High Templar x3  
  98  10:19  Zealot  
  106  10:22  Archon  
  106  10:24  Archon  
  106  10:37  Zealot x2  
  106  10:41  Stalker  
  108  10:45  Phoenix (Chrono Boost)  
  108  10:46  Observer  
  103  10:53  High Templar  
  103  10:54  High Templar  
  107  10:58  Archon, Zealot  
  101  11:12  Phoenix (Chrono Boost)  
  85  11:24  Photon Cannon  
  73  11:25  Shield Battery  
  73  11:28  Pylon  
  73  11:31  Phoenix (Chrono Boost)  
  72  11:37  High Templar  
  72  11:38  High Templar, Zealot x6  
  88  11:42  Archon  
  88  11:51  Phoenix (Chrono Boost)  
  76  12:25  Probe (Chrono Boost)  
  73  12:33  Stargate  
  73  12:35  Probe (Chrono Boost)  
  68  12:47  Probe  
  68  13:03  Probe  
  67  13:18  Phoenix (Chrono Boost)  
  64  13:22  Stargate  
  64  13:25  Zealot  
  45  13:47  Pylon  
  43  13:51  Zealot  

Tags
 
Add a new tag
Caveats
  • Supply blocks, unpowered buildings, or Contaminate may cause inaccurate times.
  • Supply counts are checked every 10 seconds.